 Dungeon Crawl Stone Soup version 0.32-a0-872-g59262bdc9b (webtiles) character file.

Game seed: 14081587367252340467

3716 Aneyh the Fighter (level 10, -1/64 HPs)
             Began as a Tengu Monk on Mar 30, 2024.
             Was a Believer of Hepliaklqana.
             Shot with an arrow by a centaur warrior (21 damage)
             ... on level 8 of the Dungeon on Mar 31, 2024.
             The game lasted 00:14:51 (5758 turns).

Aneyh the Fighter (Tengu Monk)                      Turns: 5758, Time: 00:14:51

Health: -1/64      AC: 11    Str: 16    XL:     10   Next: 14%
Magic:  11/11      EV: 16    Int: 16    God:    Hepliaklqana [**....]
Gold:   362        SH:  0    Dex: 20    Spells: 9/9 levels left

rFire   . . .        b - +0 orcbow
rCold   + . .        (shield currently unavailable)
rNeg    . . .        q - +1 scale mail "Menebuz" {Dex+3 Stlth+}
rPois   .            m - +2 hat
rElec   .            (no cloak)
rCorr   .            l - +0 pair of gloves
SInv    .            (boots unavailable)
Will    .....        x - amulet of regeneration
Stlth   +            v - +6 ring of intelligence
HPRegen 1.10/turn    D - ring of protection from cold
MPRegen 0.12/turn

%: acrobat, clarity
@: flying
A: reduced essence, beak, talons 3, evasive flight, acrobatic, claws 1, clarity
a: Renounce Religion, Recall Ancestor, Ancestor Identity


You were on level 8 of the Dungeon.
You worshipped Hepliaklqana.
Hepliaklqana was pleased with you.
You visited 2 branches of the dungeon, and saw 9 of its levels.
You also visited: Sewer.

You collected 362 gold pieces.

Inventory:

Hand Weapons
 a - the +9 quarterstaff "Dragonbane" {venom, Str+3 Int+2}
   (You found it on level 2 of the Dungeon)

   Str+3:     It affects your strength (+3).
   Int+2:     It affects your intelligence (+2).
 b - a +0 orcbow (weapon)
 G - a +0 trident
 R - a +1 scimitar of flaming
Missiles
 i - 6 curare-tipped darts
Armour
 d - an orb of light
 h - a +0 troll leather armour
 l - a +0 pair of gloves (worn)
 m - a +2 hat (worn)
 q - the +1 scale mail "Menebuz" (worn) {Dex+3 Stlth+}
   (You found it on level 2 of the Dungeon)

   Dex+3:     It affects your dexterity (+3).
   Stlth+:    It makes you more stealthy.
 S - +0 swamp dragon scales
 V - the +3 leather armour of Sophism {+Inv rPois Stlth+}
   (You found it on level 7 of the Dungeon)

   rPois:     It protects you from poison.
   +Inv:      It lets you turn invisible.
   Stlth+:    It makes you more stealthy.
Jewellery
 v - a +6 ring of intelligence (left hand)
 x - an amulet of regeneration (around neck)
 D - a ring of protection from cold (right hand)
 Q - a ring of positive energy
Wands
 o - a wand of mindburst (9)
 w - a wand of warping (7)
 O - a wand of acid (12)
 T - a wand of flame (14)
Scrolls
 j - a scroll of blinking {unknown}
 k - 3 scrolls of fog {unknown}
 n - 3 scrolls of revelation {unknown}
 r - 2 scrolls of torment {unknown}
 s - 3 scrolls of immolation
 y - a scroll of teleportation
 A - a scroll of enchant armour {unknown}
 E - a scroll of fear {unknown}
 H - a scroll of enchant weapon
 P - a scroll of poison
 U - a scroll of vulnerability {unknown}
Potions
 c - a potion of ambrosia
 e - a potion of degeneration {unknown}
 f - 2 potions of might
 g - a potion of attraction
 p - a potion of berserk rage {unknown}
 t - a potion of curing {unknown}
 z - a potion of enlightenment
 F - 2 potions of haste
 I - 2 potions of brilliance
 J - 2 potions of heal wounds
 K - 2 potions of resistance
 M - a potion of mutation
 N - a potion of invisibility {unknown}


   Skills:
 + Level 12.3 Fighting
 - Level 4.4(5.1) Polearms
 - Level 4.0(5.0) Staves
 - Level 4.0 Armour
 - Level 6.0 Dodging


You had 9 spell levels left.
You didn't know any spells.
Your spell library contained the following spells:

 Spells                   Type           Power      Damage    Failure   Level
 Slow                     Hex            0%         N/A       65%         1
 Confusing Touch          Hex            0%         N/A       95%         3
 Dazzling Flash           Conj/Hex       0%         N/A       95%         3
 Fugue of the Fallen      Necr           0%         N/A       95%         3
 Inner Flame              Hex/Fire       0%         N/A       95%         3
 Ozocubu's Armour         Ice            0%         N/A       95%         3
 Vampiric Draining        Necr           0%         2d6       95%         3
 Leda's Liquefaction      Alch/Erth      0%         N/A       100%        4
 Olgreb's Toxic Radiance  Alch           0%         N/A       100%        4
 Petrify                  Alch/Erth      0%         N/A       100%        4
 Irradiate                Conj/Alch      0%         3d11      100%        5
 Metabolic Englaciation   Hex/Ice        0%         N/A       100%        5
 Starburst                Conj/Fire      0%         6d3       100%        6
 Manifold Assault         Tloc           0%         N/A       100%        7
 Ozocubu's Refrigeration  Ice            0%         4d7       100%        7
 Discord                  Hex            0%         N/A       100%        8
 Ignition                 Fire           0%         3d3       100%        8
 Maxwell's Capacitive Co  Air            0%         ∞         100%        8


Dungeon Overview and Level Annotations

Branches:
Dungeon (8/15)             Temple (1/1) D:6           Sewer (visited)
   Lair: D:8-11

Altars:
Ashenzari
Cheibriados
Dithmenos
Elyvilon
Fedhas
Gozag
Hepliaklqana
Kikubaaqudgha
Makhleb
Nemelex Xobeh
Okawaru
Qazlal
Ru
Sif Muna
Uskayaw
Vehumet
Wu Jian
Xom
Yredelemnul
Zin
The Shining One

Shops:
D:1 [


Innate Abilities, Weirdness & Mutations

Your life essence is reduced to manifest your ancestor. (-10% HP)
You have a beak for a mouth.
You have claws for feet.
Your magical flight helps you evade attacks. (EV +4)
You can magically evade attacks while moving or waiting.
You have sharp fingernails.
You possess an exceptional clarity of mind.


Message History

The arrow misses you.
The arrow hits Ycupp.
You sock the centaur!
The centaur looks as sick as possible!
The centaur is heavily wounded.
The centaur unwields a +0 orcbow.
The centaur closely misses you. The centaur barely misses you.
Ycupp casts a spell at the centaur.
The puff of frost hits the centaur!
The centaur dies!
You now have 362 gold pieces (gained 9).
Things that are here:
a +0 orcbow; a centaur corpse
u - a +0 orcbow
Found a stone staircase leading down.
You drop a +0 orcbow.
A centaur warrior comes into view. It is wielding a +3 glaive of venom.
The centaur warrior shouts!
The centaur warrior unwields a +3 glaive of venom.
It stops dripping with poison.
The centaur warrior wields a +0 shortbow.
The centaur warrior shoots an arrow.
The arrow hits you.
The +9 quarterstaff "Dragonbane" {venom, Str+3 Int+2} stops dripping with poison.
b - a +0 orcbow (weapon)
You shoot an arrow.
The arrow hits the centaur warrior but does no damage.
The centaur warrior shoots an arrow.
The arrow hits you!
The centaur warrior shoots an arrow.
The arrow hits you but does no damage.
You shoot an arrow. The arrow hits the centaur warrior!
The centaur warrior is lightly wounded.
The centaur warrior shoots an arrow.
The arrow hits you!
The centaur warrior shoots an arrow.
The arrow hits you!!
Ycupp gestures at the centaur warrior while chanting.
The puff of frost misses the centaur warrior.
The centaur warrior shoots an arrow.
The arrow barely misses you.
The centaur warrior shoots an arrow.
The arrow barely misses Ycupp.
The arrow hits you!
* * * LOW HITPOINT WARNING * * *
There is a stone staircase leading down here.
The centaur warrior shoots an arrow.
The arrow hits you!!
You die...
Hepliaklqana delivers you to your ancestors.

### #
#.##############
#.....†.......#.
#.###########.#.
#.# #.## #.#
#... #.# ####
########)# .
#.....@..# #
#....##...R# #
#.. ###...... #
# #..#...# #
#......# #
..####c# .#.####
.## .c#....... .
...###### #.


You could see the friendly Ycupp the battlemage and a centaur warrior.

Vanquished Creatures
  A skeletal warrior (D:8)
  Pikel (D:6)
  A troll (D:8)
  Eustachio (D:6)
  2 black bears
  An ice beast (D:6)
  An ogre (D:6)
  2 centaurs
  4 kobold brigands
  A bullfrog (D:7)
  A howler monkey (D:6)
  A bombardier beetle (D:6)
  2 hounds (D:4)
  3 jellies
  2 orc priests (D:5)
  A sleepcap (D:6)
  3 iguanas
  4 orc wizards
  Ijyb (D:3)
  3 gnolls (D:7)
  10 adders
  4 ufetubi (D:5)
  5 dart slugs
  A ribbon worm (D:2)
  32 orcs
  5 bats
  9 endoplasms
  5 giant cockroaches
  5 goblins
  7 hobgoblins
  2 jackals (D:1)
  2 quokkas
  9 ball pythons
  4 frilled lizards
  21 kobolds
  12 rats
169 creatures vanquished.

Vanquished Creatures (collateral kills)
  Maggie (D:7)
  An orc warrior (D:7)
  A centaur (D:8)
  A bullfrog (D:7)
  A howler monkey (D:6)
  A hound (D:6)
  An orc priest (D:7)
  2 sleepcaps
  An orc wizard (D:7)
  4 orcs (D:7)
  5 kobolds (D:8)
19 creatures vanquished.

Vanquished Creatures (others)
  A battlemage (D:8)
1 creature vanquished.

Grand Total: 189 creatures vanquished

Notes
Turn   | Place    | Note
-------+----------+-------------------------------------------
     0 | D:1      | Aneyh the Tengu Monk began the quest for the Orb.
     0 | D:1      | Reached XP level 1. HP: 14/14 MP: 2/2
   128 | D:1      | Reached XP level 2. HP: 19/19 MP: 3/3
   168 | D:1      | Found Keel's Antique Armour Emporium.
   363 | D:1      | Reached XP level 3. HP: 15/23 MP: 4/4
   593 | D:1      | Found a faded altar of an unknown god.
   748 | D:2      | Identified the +9 quarterstaff "Dragonbane" {venom, Str+3
                  | Int+2}
   777 | D:2      | Identified the +1 scale mail "Menebuz" {Dex+3 Stlth+}
  1210 | D:3      | Reached XP level 4. HP: 29/29 MP: 5/5
  1252 | D:3      | Reached skill level 1 in Staves
  1317 | D:3      | Reached skill level 1 in Armour
  1319 | D:3      | Reached skill level 4 in Fighting
  1353 | D:3      | Reached XP level 5. HP: 25/33 MP: 6/6
  1431 | D:3      | Noticed Ijyb
  1438 | D:3      | Killed Ijyb
  2087 | D:4      | Found a sparkling altar of Nemelex Xobeh.
  2098 | D:4      | Reached XP level 6. HP: 39/39 MP: 7/7
  2661 | D:4      | Found a glowing silver altar of Zin.
  2960 | D:5      | Entered Level 5 of the Dungeon
  3076 | D:4      | Reached skill level 5 in Fighting
  3136 | D:5      | Gained mutation: Your magical flight helps you evade
                  | attacks. (EV +4) [Tengu growth]
  3136 | D:5      | Reached XP level 7. HP: 41/44 MP: 8/8
  3797 | D:6      | Reached skill level 5 in Dodging
  3834 | D:6      | Reached XP level 8. HP: 49/49 MP: 9/9
  3851 | D:6      | Found a glowing drain.
  3865 | D:6      | Reached skill level 6 in Fighting
  3928 | Sewer    | Entered a sewer
  4229 | D:6      | Reached skill level 7 in Fighting
  4267 | D:6      | Noticed Eustachio
  4285 | D:6      | Killed Eustachio
  4494 | D:6      | Reached skill level 8 in Fighting
  4514 | D:6      | Found a staircase to the Ecumenical Temple.
  4523 | Temple   | Entered the Ecumenical Temple
  4533 | Temple   | Became a worshipper of Hepliaklqana the Forgotten
  4533 | Temple   | Reached * piety under Hepliaklqana
  4533 | Temple   | Reached ** piety under Hepliaklqana
  4534 | Temple   | Remembered your ancestor Ycupp as a battlemage
  4615 | D:6      | Noticed Pikel
  4622 | D:6      | Killed Pikel
  4623 | D:6      | Reached skill level 9 in Fighting
  4623 | D:6      | Reached XP level 9. HP: 48/54 MP: 10/10
  4877 | D:7      | Noticed Maggie
  4882 | D:7      | Killed Maggie
  4883 | D:7      | Reached skill level 10 in Fighting
  5048 | D:7      | Found an iron altar of Okawaru.
  5104 | D:7      | Identified the +3 leather armour of Sophism {+Inv rPois
                  | Stlth+}
  5127 | D:7      | Gained mutation: You possess an exceptional clarity of
                  | mind. [potion of mutation]
  5127 | D:7      | Gained mutation: You have sharp fingernails. [potion of
                  | mutation]
  5226 | D:7      | Found a glowing golden altar of the Shining One.
  5317 | D:7      | Found a shimmering blue altar of Sif Muna.
  5321 | D:7      | Found a broken altar of Ashenzari.
  5590 | D:8      | Found a shadowy altar of Dithmenos.
  5594 | D:8      | Reached skill level 11 in Fighting
  5646 | D:8      | Noticed a skeletal warrior
  5652 | D:8      | Noticed a troll
  5652 | D:8      | Noticed a cyclops
  5686 | D:8      | Killed a skeletal warrior
  5687 | D:8      | Reached skill level 12 in Fighting
  5687 | D:8      | Reached XP level 10. HP: 63/63 MP: 11/11
  5752 | D:8      | Noticed a centaur warrior
  5758 | D:8      | Shot with an arrow by a centaur warrior

Illustrated notes

Levels and vault maps discovered:
D:1:      dpeg_arrival_ternary, layout_rooms,
          dilly_ecumenical_altar_fadedgnrine, serial_shops, shop,
          minmay_misc_feat_cross, minmay_misc_feat_ornament, st_stairs_5
D:2:      layout_rooms
D:3:      minmay_spotlight, layout_basic, kennysheep_generic_room_9, uniq_ijyb
D:4:      layout_basic, general_overflow_altar, zin_academy, grunt_ministairs_6,
          minmay_box_of_dots
D:5:      layout_rooms
D:6:      layout_cave_pools, minmay_temple_entry_fiery, portal_sewer_entry_a,
          wad_floor_pattern_untrapped, uniq_eustachio, uniq_pikel
D:7:      layout_loops_ring, mainiacjoe_overflow_concentric_impassable,
          tso_oasis_becter, grunt_temple_overflow_open, minmay_crystal_room,
          minmay_misc_feat_plants, uniq_maggie
D:8:      minmay_blocky_corners, layout_basic, overflow_temple_1_default,
          hellmonk_lair_entry_icy, uniq_grum
Temple:   nicolae_temple_great_sept

Skill      XL: |  1  2  3  4  5  6  7  8  9 |
---------------+----------------------------+-----
Polearms       | 4 |  4.4
Staves         | 1 3 4 |  4.0
Armour         | 1 2 3 4 |  4.0
Fighting       | 4 5 9 12 | 12.3
Dodging        | 6 |  6.0

Action                     |  1- 3 |  4- 6 |  7- 9 | 10-12 || total
---------------------------+-------+-------+-------+-------++-------
  Melee: Spear             |    60 |       |       |       ||    60
         Kick              |    10 |    12 |    39 |     1 ||    62
         Peck              |     4 |    10 |    23 |     1 ||    38
         Quarterstaff      |    15 |    79 |   138 |     3 ||   235
   Fire: Orcbow            |       |     5 |    88 |     2 ||    95
  Throw: Dart              |       |       |     1 |       ||     1
 Invoke: Ancestor Life: Ba |       |       |     1 |       ||     1
    Use: Scroll            |       |       |    12 |       ||    12
         Potion            |       |       |     1 |       ||     1
   Stab: Sleeping          |     2 |     1 |       |       ||     3
         Distracted        |       |       |     1 |       ||     1
 Armour: Robe              |     5 |       |       |       ||     5
         Ring mail         |    14 |       |       |       ||    14
         Scale mail        |     2 |    50 |    86 |     7 ||   145
  Dodge: Dodged            |    39 |    54 |   146 |    10 ||   249

Table legend: (Time is in decaauts)
 A = Elapsed time spent in this place.
 B = Non-inter-level travel time spent in this place.
 C = Inter-level travel time spent in this place.
 D = Time resting spent in this place.
 E = Time spent auto-exploring this place.
 F = Levels seen in this place.
 G = Mean time per level.
                   A        B        C        D        E       F      G
               +--------+--------+--------+--------+--------+-----+--------+
         Total |   5811 |   5581 |    230 |    671 |   3672 |  10 |  581.1 |
       Dungeon |   5512 |   5291 |    221 |    671 |   3491 |   8 |  689.0 |
        Temple |     21 |     12 |      9 |      0 |      0 |   1 |   21.0 |
         Sewer |    278 |    278 |      0 |      0 |    181 |   1 |  278.0 |
               +--------+--------+--------+--------+--------+-----+--------+

Top non-repeatable levels by time:
     D:4: 1135 daAuts
     D:3: 823 daAuts
     D:6: 792 daAuts
     D:7: 714 daAuts
     D:5: 698 daAuts
     D:1: 659 daAuts
     D:2: 498 daAuts
   Sewer: 278 daAuts
     D:8: 190 daAuts
  Temple: 21 daAuts
